 Dungeon Crawl Stone Soup version 0.29.1-1-gd02db6906a (webtiles) character file.

Game seed: 16388124133815671113

1332 juncz the Chiller (level 8, 0/58 HPs)
             Began as a Gnoll Ice Elementalist on Sept 29, 2022.
             Was an Initiate of Ashenzari.
             Slain by a vampire (9 damage)
             ... on level 7 of the Dungeon on Sept 30, 2022.
             The game lasted 00:12:15 (6832 turns).

juncz the Chiller (Gnoll Ice Elementalist)          Turns: 6832, Time: 00:12:16

Health: 0/58       AC: 13    Str:  7    XL:     8   Next: 61%
Magic:  7/17       EV: 14    Int: 16    God:    Ashenzari [......]
Gold:   353        SH:  0    Dex: 14    Spells: 12/19 levels left

rFire   . . .      SeeInvis .   g - +0 dagger
rCold   . . .      Faith    .   (no shield)
rNeg    . . .      Spirit   .   a - +0 robe
rPois   .          Reflect  .   (no helmet)
rElec   .          Harm     .   x - +2 cloak
rCorr   .          Rampage  .   (no gloves)
Will    .....                   j - +0 pair of boots
Stlth   +++.......              (no amulet)
HPRegen 0.19/turn               (no ring)
MPRegen 0.15/turn               (no ring)

@: ice-armoured, weak-willed, freezing walls
A: fangs 1, strong nose, distributed training
a: Renounce Religion


You were on level 7 of the Dungeon.
You worshipped Ashenzari.
Ashenzari was noncommittal.
You visited 2 branches of the dungeon, and saw 8 of its levels.

You collected 353 gold pieces.

Inventory:

Hand Weapons
 g - a +0 dagger (weapon)
Missiles
 c - 56 stones (quivered)
Armour
 a - a +0 robe (worn)
 j - a +0 pair of boots (worn)
 x - a +2 cloak (worn)
Wands
 u - a wand of charming (13)
Scrolls
 d - 3 scrolls of amnesia {unknown}
 e - 3 scrolls of identify {unknown}
 f - 3 scrolls of teleportation {unknown}
 k - 3 scrolls of vulnerability
 m - a scroll of fog {unknown}
 o - a scroll of brand weapon {unknown}
 s - a scroll of enchant weapon {unknown}
 t - 2 scrolls of immolation {unknown}
 v - a scroll of poison {unknown}
 w - a scroll of enchant armour {unknown}
Potions
 b - 2 potions of magic
 h - 3 potions of flight {unknown}
 i - 2 potions of might {unknown}
 l - a potion of mutation {unknown}
 n - a potion of haste {unknown}
 p - 2 potions of resistance {unknown}
 q - a potion of brilliance {unknown}
 r - a potion of attraction {unknown}


   Skills:
 + Level 3.5 Fighting
 + Level 3.5 Short Blades
 + Level 3.5 Long Blades
 + Level 3.5 Axes
 + Level 3.5 Maces & Flails
 + Level 3.5 Polearms
 + Level 3.5 Staves
 + Level 3.5 Ranged Weapons
 + Level 3.5 Throwing
 + Level 3.5 Armour
 + Level 5.8 Dodging
 + Level 5.5 Stealth
 + Level 3.5 Shields
 + Level 3.5 Unarmed Combat
 + Level 6.2 Spellcasting
 + Level 2.9 Conjurations
 + Level 2.9 Hexes
 + Level 2.9 Summonings
 + Level 2.9 Necromancy
 + Level 2.9 Translocations
 + Level 2.9 Transmutations
 + Level 2.9 Fire Magic
 + Level 7.7 Ice Magic
 + Level 2.9 Air Magic
 + Level 2.9 Earth Magic
 + Level 2.9 Poison Magic
 + Level 3.9 Invocations
 + Level 3.5 Evocations


You had 12 spell levels left.
You knew the following spells:

 Your Spells              Type           Power      Damage    Failure   Level
a - Freeze                Ice            100%       1d11      1%          1
b - Frozen Ramparts       Ice            58%        1d9       1%          3
c - Ozocubu's Armour      Ice            29%        N/A       1%          3

Your spell library contained the following spells:

 Spells                   Type           Power      Damage    Failure   Level
 Ensorcelled Hibernation  Hex/Ice        44%        N/A       2%          2
 Necrotise                Necr           56%        1d6       4%          1
 Gell's Gravitas          Tloc           14%        N/A       12%         3
 Lesser Beckoning         Tloc           14%        N/A       12%         3
 Spider Form              Tmut/Pois      14%        N/A       12%         3
 Teleport Other           Tloc           14%        N/A       12%         3
 Vampiric Draining        Necr           14%        2d7       12%         3
 Hailstorm                Conj/Ice       22%        3d7       16%         4
 Anguish                  Hex/Necr       7%         N/A       38%         4
 Fulminant Prism          Conj/Hex       7%         3d7       38%         4
 Iskenderun's Mystic Bla  Conj/Tloc      14%        2d5       38%         4
 Agony                    Necr           14%        N/A       75%         5
 Lee's Rapid Deconstruct  Erth           7%         3d7*      75%         5
 Dispersal                Tloc           7%         N/A       99%         6


Dungeon Overview and Level Annotations

Branches:
Dungeon (7/15)             Temple (1/1) D:6

Altars:
Ashenzari
Cheibriados
Dithmenos
Elyvilon
Fedhas
Gozag
Hepliaklqana
Kikubaaqudgha
Makhleb
Nemelex Xobeh
Okawaru
Qazlal
Ru
Sif Muna
Trog
Vehumet
Wu Jian
Xom
Yredelemnul

Shops:
D:5 =


Innate Abilities, Weirdness & Mutations

You have very sharp teeth.
Your uncanny sense of smell can sniff out nearby items.
Your experience applies equally to all skills.


Message History

The wall freezes the vampire but does no damage.
The ice beast completely resists.
The wall freezes the ice beast but does no damage.
The ice beast barely misses you.
You barely miss the ice beast. Your bite misses the ice beast.
The ice beast is almost dead.
The wall freezes the vampire but does no damage.
The ice beast completely resists.
The wall freezes the ice beast but does no damage.
The ice beast closely misses you.
You hit the ice beast.
You kill the ice beast!
The wall freezes the kobold brigand.
The wall freezes the vampire but does no damage.
You hit the vampire.
The vampire is lightly damaged.
You closely miss the vampire.
The vampire is lightly damaged.
The frozen ramparts melt away.
The vampire hits you but does no damage.
The vampire misses you.
Casting: Frozen Ramparts (safe; 1% risk of failure)
Confirm with . or Enter, or press ? or * to list all spells.
Casting: Frozen Ramparts (safe; 1% risk of failure)
Press: ? - help, Dir - look around, f - activate The walls around you are covered in ice.
The wall freezes the kobold brigand.
The vampire resists.
The wall freezes the vampire.
The vampire hits you!
* * * LOW HITPOINT WARNING * * *
The vampire bites you.
* * * LOW HITPOINT WARNING * * *
The vampire draws strength from your injuries!
As you read the scroll labelled EDGHAK COSIROQ, it crumbles to dust.
Magic quickly surges around you.
It was a scroll of vulnerability.
The wall freezes the kobold brigand.
You kill the kobold brigand!
The wall freezes the vampire but does no damage.
The vampire hits you but does no damage.
The vampire bites you!
You die...

.#☼#☼## #.
.#.#☼##
.>######.#.#☼##
....KK..#.#☼##
......)#.#☼##
###.. #)#.#☼##
#..))##.#.#☼##
#V@.#...##
#.######## #.#
#...<#
#.###.####
#.....# #######


You could see a vampire (weak-willed).

Vanquished Creatures
  An orc warrior (D:7)
  A water moccasin (D:5)
  2 sky beasts (D:6)
  A black bear (D:6)
  An ice beast (D:7)
  A centaur (D:6)
  2 ogres
  A kobold brigand (D:7)
  2 necrophages (D:6)
  A scorpion (D:6)
  A hound (D:5)
  4 jellies
  2 iguanas
  5 adders
  2 ufetubi (D:5)
  A worm (D:4)
  A dart slug (D:1)
  11 orcs
  6 ball pythons
  6 bats
  8 endoplasms
  4 giant cockroaches
  5 goblins
  5 hobgoblins
  9 kobolds
  2 quokkas
  5 frilled lizards
  2 rats (D:2)
92 creatures vanquished.

Notes
Turn   | Place    | Note
-------+----------+-------------------------------------------
     0 | D:1      | juncz the Gnoll Ice Elementalist began the quest for the
                  | Orb.
     0 | D:1      | Reached XP level 1. HP: 13/13 MP: 6/6
   259 | D:1      | Reached XP level 2. HP: 19/19 MP: 5/7
  1131 | D:2      | Reached skill level 5 in Spellcasting
  1131 | D:2      | Reached XP level 3. HP: 25/25 MP: 2/9
  1135 | D:2      | Learned a level 3 spell: Frozen Ramparts
  1139 | D:2      | Learned a level 3 spell: Ozocubu's Armour
  1268 | D:2      | Reached skill level 1 in Invocations
  1507 | D:2      | Reached skill level 1 in Fighting
  1507 | D:2      | Reached skill level 1 in Short Blades
  1507 | D:2      | Reached skill level 1 in Long Blades
  1507 | D:2      | Reached skill level 1 in Axes
  1507 | D:2      | Reached skill level 1 in Maces & Flails
  1507 | D:2      | Reached skill level 1 in Polearms
  1507 | D:2      | Reached skill level 1 in Staves
  1507 | D:2      | Reached skill level 1 in Ranged Weapons
  1507 | D:2      | Reached skill level 1 in Throwing
  1507 | D:2      | Reached skill level 1 in Armour
  1507 | D:2      | Reached skill level 1 in Shields
  1507 | D:2      | Reached skill level 1 in Unarmed Combat
  1507 | D:2      | Reached skill level 1 in Evocations
  1672 | D:2      | Found a faded altar of an unknown god.
  1887 | D:3      | Reached XP level 4. HP: 32/32 MP: 9/11
  2761 | D:4      | Reached skill level 1 in Conjurations
  2761 | D:4      | Reached skill level 1 in Hexes
  2761 | D:4      | Reached skill level 1 in Summonings
  2761 | D:4      | Reached skill level 1 in Necromancy
  2761 | D:4      | Reached skill level 1 in Translocations
  2761 | D:4      | Reached skill level 1 in Transmutations
  2761 | D:4      | Reached skill level 1 in Fire Magic
  2761 | D:4      | Reached skill level 1 in Air Magic
  2761 | D:4      | Reached skill level 1 in Earth Magic
  2761 | D:4      | Reached skill level 1 in Poison Magic
  3127 | D:4      | Reached XP level 5. HP: 34/37 MP: 7/12
  3202 | D:4      | Noticed an ogre
  3211 | D:4      | Killed an ogre
  3293 | D:4      | Reached XP level 6. HP: 44/44 MP: 7/13
  3439 | D:4      | Found a shimmering altar of Xom.
  3561 | D:5      | Entered Level 5 of the Dungeon
  3584 | D:5      | Found Sat Joy's Jewellery Shop.
  3700 | D:5      | Noticed a water moccasin
  3706 | D:5      | Killed a water moccasin
  3707 | D:5      | Reached skill level 5 in Dodging
  4356 | D:5      | Reached XP level 7. HP: 36/50 MP: 11/15
  4877 | D:6      | Reached skill level 5 in Stealth
  5371 | D:6      | Reached XP level 8. HP: 51/58 MP: 5/16
  5994 | D:6      | Found a sparkling altar of Nemelex Xobeh.
  6491 | D:6      | Found a staircase to the Ecumenical Temple.
  6500 | Temple   | Entered the Ecumenical Temple
  6696 | Temple   | Became a worshipper of Ashenzari the Shackled
  6815 | D:7      | Noticed a vampire
  6832 | D:7      | Slain by a vampire

Illustrated notes

Levels and vault maps discovered:
D:1:      psy_arrival_basics, layout_loops_corners, chequers_arboretum,
          chequers_serial_rivers_micro_c, chequers_serial_rivers_small_3
D:2:      layout_basic, hellmonk_ecumenical_altar_pennies_from_heaven,
          kennysheep_generic_room_6
D:3:      layout_basic
D:4:      layout_rooms, xom_teletrap_fun
D:5:      layout_cave_pools, serial_shops, kennysheep_mini, serial_glass,
          glass_columns_a, glass_columns_a, feat_on_display, item_on_display_a,
          due_unseen_surprise, corexii_shack, nrook_uturn
D:6:      layout_layer_cave, mainiacjoe_overflow_six_doors_small,
          minmay_temple_entry_nine_rooms
D:7:      lemuel_ice_spiral_2, layout_basic, gammafunk_ghost_berserking_beasts,
          glass_columns_b
Temple:   bh_familiar_temple

Skill      XL: |  1  2  3  4  5  6  7  8 |
---------------+-------------------------+-----
Spellcasting   | 5 6 |  6.2
Invocations    | 1 2 3 |  3.9
Fighting       | 1 2 3 |  3.5
Short Blades   | 1 2 3 |  3.5
Long Blades    | 1 2 3 |  3.5
Axes           | 1 2 3 |  3.5
Maces & Flails | 1 2 3 |  3.5
Polearms       | 1 2 3 |  3.5
Staves         | 1 2 3 |  3.5
Ranged Weapons | 1 2 3 |  3.5
Throwing       | 1 2 3 |  3.5
Armour         | 1 2 3 |  3.5
Shields        | 1 2 3 |  3.5
Unarmed Combat | 1 2 3 |  3.5
Evocations     | 1 2 3 |  3.5
Conjurations   | 1 2 |  2.9
Hexes          | 1 2 |  2.9
Summonings     | 1 2 |  2.9
Necromancy     | 1 2 |  2.9
Translocations | 1 2 |  2.9
Transmutations | 1 2 |  2.9
Fire Magic     | 1 2 |  2.9
Air Magic      | 1 2 |  2.9
Earth Magic    | 1 2 |  2.9
Poison Magic   | 1 2 |  2.9
Dodging        | 5 |  5.8
Stealth        | 5 |  5.5
Ice Magic      | |  7.7

Action                   |  1- 3 |  4- 6 |  7- 9 || total
-------------------------+-------+-------+-------++-------
Melee: Unarmed           |     1 |       |       ||     1
       Dagger            |     5 |    10 |    38 ||    53
       Bite              |     1 |       |     6 ||     7
       Punch             |       |       |     1 ||     1
Throw: Stone             |       |     2 |     3 ||     5
 Cast: Freeze            |    42 |    47 |    39 ||   128
       Frozen Ramparts   |       |     7 |    12 ||    19
       Ozocubu's Armour  |       |     3 |     3 ||     6
  Use: Scroll            |       |       |     1 ||     1
 Stab: Sleeping          |     1 |     4 |       ||     5
Armor: Robe              |     9 |     8 |    24 ||    41
Dodge: Dodged            |    18 |    34 |    51 ||   103
